 Dungeon Crawl Stone Soup version 0.31-a0-246-g8cbcc1cb85 (webtiles) character file.

Game seed: 9918990422359645462

146 qw the Shooter (level 5, 0/45 HPs)
             Began as a Minotaur Hexslinger on July 12, 2023.
             Slain by Blork the orc
             ... wielding a +0 halberd
              (2 damage)
             ... on level 4 of the Dungeon.
             The game lasted 00:00:56 (2094 turns).

qw the Shooter (Minotaur Hexslinger)                Turns: 2094, Time: 00:00:57

Health: 0/45       AC:  6    Str: 13    XL:     5   Next: 7%
Magic:  5/5        EV: 12    Int: 10    God:
Gold:   53         SH:  0    Dex: 14    Spells: 5/6 levels left

rFire   . . .        h - +0 arbalest
rCold   . . .        (shield currently unavailable)
rNeg    . . .        k - +0 leather armour
rPois   .            (helmet restricted)
rElec   .            d - +2 cloak
rCorr   .            (no gloves)
SInv    .            (no boots)
Will    .....        (no amulet)
Stlth   +            (no ring)
HPRegen 0.27/turn    (no ring)
MPRegen 0.09/turn

%: no passive effects
@: no status effects
A: horns 2, retaliatory headbutt
a: no special abilities


You were on level 4 of the Dungeon.
You visited 1 branch of the dungeon, and saw 4 of its levels.

You collected 116 gold pieces.
You spent 63 gold pieces at shops.


Innate Abilities, Weirdness & Mutations

You have a pair of horns on your head.
You reflexively headbutt those who attack you in melee.


   Skills:
 - Level 3.4 Fighting
 + Level 5.0 Ranged Weapons
 - Level 2.1 Dodging
 - Level 1.0 Spellcasting
 - Level 2.0 Hexes


You had 5 spell levels left.
You knew the following spells:

 Your Spells              Type           Power      Damage    Failure   Level
a - Slow                  Hex            16%        N/A       19%         1

Your spell library contained the following spells:

 Spells                   Type           Power      Damage    Failure   Level
 Inner Flame              Hex/Fire       2%         N/A       65%         3
 Portal Projectile        Hex/Tloc       4%         N/A       65%         3
 Cause Fear               Hex            2%         N/A       88%         4

Inventory:

Hand Weapons
 h - a +0 arbalest (weapon)
Armour
 d - a +2 cloak (worn)
 k - a +0 leather armour (worn)
Jewellery
 g - a ring of protection from cold
Scrolls
 b - a scroll of identify
 i - a scroll of enchant armour
Potions
 a - a potion of enlightenment
 c - a potion of ambrosia {unknown}
 f - a potion of cancellation {unknown}

Dungeon Overview and Level Annotations

Branches:
Dungeon (4/15)
 Temple: D:4-7

Altars:

Shops:
D:4 (

Annotations:
D:4 Blork the orc


Message History

2081 ||| DROPPING ring of wizardry.
You drop a ring of wizardry.
Blork the orc barely misses you.
Enter note:
Enter note:
Enter note:
Enter note:
2083 ||| FLEEEEING.
2084 ||| FLEEEEING.
You shoot a bolt. The bolt closely misses Blork the orc.
Blork the orc looks encouraged for a moment.
You shoot a bolt. The bolt closely misses Blork the orc.
Blork the orc barely misses you.
You shoot a bolt. The bolt hits Blork the orc.
Blork the orc is heavily wounded.
Blork the orc hits you but does no damage.
Blork the orc drinks a potion.
Blork the orc is healed!
You shoot a bolt. The bolt closely misses Blork the orc.
Blork the orc hits you from afar with a +0 halberd.
Blork the orc barely misses you.
You shoot a bolt. The bolt barely misses Blork the orc.
Blork the orc hits you from afar with a +0 halberd!
You shoot a bolt.
The bolt hits Blork the orc but does no damage.
Blork the orc is moderately wounded.
Blork the orc closely misses you. x2
You shoot a bolt. The bolt closely misses Blork the orc.
Blork the orc begins to cast a cantrip, but forgets the words!
Blork the orc hits you from afar with a +0 halberd.
You shoot a bolt.
The bolt hits Blork the orc but does no damage.
Blork the orc is moderately wounded.
Blork the orc hits you from afar with a +0 halberd.
Blork the orc closely misses you.
You shoot a bolt. The bolt hits Blork the orc!
Blork the orc is severely wounded.
Blork the orc casts a cantrip, but nothing happens.
You shoot a bolt. The bolt closely misses Blork the orc.
Blork the orc looks encouraged for a moment.
Blork the orc hits you from afar with a +0 halberd.
You die...

#..(.<....?...#
###.#########...### ##...#
###...# ### ###..### ###.#####
#... ##..## #..>..####..##
...#####################......# #
.............##...........#.#####
....#...........###########....##
...\..#.........@.o## ## ####.##
......########..##..#..# #...
.........# ##....=...# ########
>....###.# #####......:.......
.......#..# ..##.#######...
.......##.# #)## .# #..#.
.......##.## #.# #.# #)#..
.......##..#######.##..# ##.#.#
.........#.............# ##(.#.#


You could see Blork the orc.

Vanquished Creatures
  A hound (D:4)
  3 adders (D:2)
  6 dart slugs
  3 orcs
  3 endoplasms
  6 giant cockroaches
  4 goblins
  5 hobgoblins
  8 jackals
  5 quokkas
  10 ball pythons
  2 bats (D:1)
  5 frilled lizards
  6 kobolds
  2 rats
69 creatures vanquished.

Notes
Turn   | Place    | Note
-------+----------+-------------------------------------------
     0 | D:1      | qw the Minotaur Hexslinger began the quest for the Orb.
     0 | D:1      | Reached XP level 1. HP: 16/16 MP: 1/1
     0 | D:1      | 0 ||| qw: Version: 0.3-a-52-g30416fa
     0 | D:1      | 0 ||| qw: Game counter: 6511
     0 | D:1      | 0 ||| qw: Melee chars always use a shield: true
     0 | D:1      | 0 ||| qw: God list: Okawaru
     0 | D:1      | 0 ||| qw: Allow faded altars: false
     0 | D:1      | 0 ||| qw: Do Orc after clearing Dungeon:15 true
     0 | D:1      | 0 ||| qw: Do second Lair branch before Depths: true
     0 | D:1      | 0 ||| qw: Lair rune preference: random
     0 | D:1      | 0 ||| qw: Goals: Normal
     0 | D:1      | 0 ||| PLANNING D:1-11
    55 | D:1      | Reached skill level 3 in Ranged Weapons
    64 | D:1      | Reached XP level 2. HP: 23/23 MP: 2/2
   231 | D:1      | 231 ||| FLEEEEING.
   232 | D:1      | 232 ||| FLEEEEING.
   233 | D:1      | 233 ||| FLEEEEING.
   466 | D:1      | Reached XP level 3. HP: 29/29 MP: 3/3
   598 | D:1      | Found a faded altar of an unknown god.
   599 | D:1      | 599 ||| UPGRADING to +0 leather armour.
   609 | D:1      | 609 ||| DROPPING +0 robe.
   610 | D:1      | 610 ||| READING scroll labelled QOMUODGH LUCOLE.
   611 | D:1      | 611 ||| READING scroll labelled LYUBICE PYMO.
   612 | D:1      | 612 ||| READING 2 scrolls labelled CASHRIU RONTUKK.
   613 | D:1      | 613 ||| READING scroll labelled DEATEU VEOCKA.
   614 | D:1      | 614 ||| READING scroll labelled KUDAYRAOXO.
   615 | D:1      | 615 ||| READING 3 scrolls labelled PUETUJUXEKK.
   616 | D:1      | 616 ||| READING scroll labelled POACOZOHUPS.
   617 | D:1      | 617 ||| DROPPING scroll of poison.
   618 | D:1      | 618 ||| DROPPING scroll of amnesia.
   652 | D:2      | 652 ||| STAIRDANCE
   691 | D:2      | Reached skill level 4 in Ranged Weapons
   805 | D:2      | Reached XP level 4. HP: 13/36 MP: 4/4
  1109 | D:2      | Reached skill level 5 in Ranged Weapons
  1187 | D:2      | 1187 ||| UPGRADING to +0 cloak.
  1192 | D:2      | 1192 ||| READING 2 scrolls of enchant armour.
  1192 | D:2      | 1192 ||| ENCHANTING +0 cloak.
  1193 | D:2      | 1193 ||| READING scroll of enchant armour.
  1193 | D:2      | 1193 ||| ENCHANTING +1 cloak.
  1194 | D:2      | 1194 ||| DROPPING ring of magical power.
  1195 | D:2      | 1195 ||| READING scroll labelled JUCSYPUNTI.
  1783 | D:3      | 1783 ||| READING 3 scrolls labelled ACZEUBBUJO.
  1784 | D:3      | 1784 ||| READING 2 scrolls of identify.
  1784 | D:3      | 1784 ||| IDENTIFYING metallic clear potion
  1785 | D:3      | 1785 ||| DROPPING 2 scrolls of fog.
  1802 | D:4      | 1802 ||| PLANNING SEWER
  1808 | D:4      | 1808 ||| STAIRDANCE
  2038 | D:4      | Reached skill level 3 in Fighting
  2038 | D:4      | Reached XP level 5. HP: 44/45 MP: 5/5
  2042 | D:4      | Found Wagun's Weapon Shoppe.
  2058 | D:4      | 2058 ||| BUYING +0 arbalest (63 gold).
  2058 | D:4      | Bought a +0 arbalest for 63 gold pieces
  2058 | D:4      | 2058 ||| SWAPPING to +0 arbalest.
  2059 | D:4      | 2059 ||| DROPPING +2 sling.
  2077 | D:4      | Noticed Blork the orc
  2081 | D:4      | 2081 ||| DROPPING ring of wizardry.
  2083 | D:4      | 2083 ||| FLEEEEING.
  2084 | D:4      | 2084 ||| FLEEEEING.
  2089 | D:4      | HP: 7/45 [Blork the orc/+0 halberd (11)]
  2091 | D:4      | HP: 2/45 [Blork the orc/+0 halberd (6)]
  2094 | D:4      | Slain by Blork the orc

Levels and vault maps discovered:
D:1:      dreamdust_arrival_beginning_and_end, layout_basic,
          hellmonk_ecumenical_altar_defaced_shrine
D:2:      layout_rooms, kennysheep_generic_room_12
D:3:      layout_basic
D:4:      layout_rooms, serial_shops, shop, portal_sewer_entry_b,
          uniq_blork_the_orc

Skill      XL: |  1  2  3  4 |
---------------+-------------+-----
Ranged Weapons | 3 4 5 |  5.0
Fighting       | 2 3 |  3.4
Dodging        | |  2.1
Spellcasting   | |  1.0
Hexes          | |  2.0

Action                     |  1- 3 |  4- 6 || total
---------------------------+-------+-------++-------
   Fire: Sling             |   100 |    73 ||   173
         Arbalest          |       |    13 ||    13
    Use: Scroll            |     7 |     5 ||    12
 Armour: Robe              |     2 |       ||     2
         Leather armour    |     4 |     9 ||    13
  Dodge: Dodged            |    47 |    35 ||    82

Table legend:
 A = Non-vault XP
 B = Vault XP
 C = Vault XP percentage of total XP
 D = Non-vault monster count
 E = Vault monster count
 F = Vault count percentage of total count
                 A         B        C        D         E       F
            +---------+---------+-------+---------+---------+-------
      Total |     195 |      14 |   6.7 |      64 |       5 |   7.2
            +---------+---------+-------+---------+---------+-------
        D:1 |      41 |      10 |  19.6 |      23 |       3 |  11.5
        D:2 |      92 |       4 |   4.2 |      29 |       2 |   6.5
        D:3 |      12 |       0 |   0.0 |       7 |       0 |   0.0
        D:4 |      50 |       0 |   0.0 |       5 |       0 |   0.0
            +---------+---------+-------+---------+---------+-------
